AoeStats
← Matigrame

Arena

510925253Analyzed
2v2 RM · 10h ago on Oct 3, 2026· 49m 20s· 4 players
Game mode
Random Map
Map size
Medium (4 player)
Population
200
Speed
Normal
Resources
Standard
Victory
Conquest
Starting age
Dark Age
Ending age
Imperial Age
RankedLock teamsTeams togetherTeam positionsShared explorationLock speedFull tech treeHidden civsTurbo modeCheats
Victory
Defeat
🇺🇸 Celts · United States
780
+15
🇮🇳 Romans · India
769
+16
🇨🇱 Khmer · Chile
769
-16
🇨🇱 Sicilians · Chile
768
-15
kinepablo1
11:37 Feudal Age
14:20 Castle Age
15:46 Double-Bit Axe
15:46 Horse Collar
27:18 Ballistics
27:09 Fortified Wall
26:55 Murder Holes
36:55 Imperial Age
37:38 Elite Ballista Elephant
38:21 Elite Battle Elephant
42:03 Chemistry
40:56 Fletching
41:06 Padded Archer Armor
41:17 Forging
41:14 Scale Barding Armor
46:03 Husbandry
Matigrame
6:21 Loom
21:50 Feudal Age
29:56 Fletching
36:57 Double-Bit Axe
Epic tbh ngl
8:18 Loom
11:15 Feudal Age
11:40 Double-Bit Axe
11:47 Gold Mining
11:46 Horse Collar
15:53 Wheelbarrow
15:18 Gold Mining
18:05 Scale Mail Armor
21:10 Castle Age
20:07 Forging
22:30 Chain Mail Armor
22:31 Bow Saw
30:02 Iron Casting
29:53 Hand Cart
32:09 Iron Casting
34:27 Imperial Age
33:39 Gambesons
33:15 Man-at-Arms
33:15 Pikeman
33:41 Arson
34:06 Heavy Plow
34:49 Gold Shaft Mining
34:07 Stone Mining
35:02 Capped Ram
36:05 Conscription
36:43 Stone Shaft Mining
36:41 Plate Mail Armor
36:35 Murder Holes
36:29 Long Swordsman
38:52 Siege Ram
40:39 Blast Furnace
39:32 Fletching
39:12 Two-Handed Swordsman
41:18 Scale Barding Armor
41:13 Padded Archer Armor
41:32 Elite Woad Raider
42:21 Champion
VCBlade
1:13 Loom
12:15 Feudal Age
12:53 Double-Bit Axe
13:53 Horse Collar
18:02 Castle Age
17:31 Wheelbarrow
18:39 Stone Mining
21:23 Bow Saw
22:52 Scale Mail Armor
26:22 Hand Cart
25:47 Pikeman
28:24 Heavy Plow
30:22 Fletching
30:48 Chain Mail Armor
31:00 Gold Mining
36:22 Bodkin Arrow
42:57 Squires
47:38 Town Watch
52:17 Imperial Age
Connection lost

Rejoining the realm…

Still unreachable

The connection could not be restored.

Session expired

The server has moved on; the page needs a fresh start.